Map: Blueshift LE

Players

Blackdeath

  • Race: Terran Terran
  • League: Diamond
  • Spawn Location: 7:00

Woogie - Winner!

  • Race: Zerg Zerg
  • League: Diamond
  • Spawn Location: 1:00

VOD

Have the link to the VOD?

Description

Time

  • Played on: Sept. 20, 2018, 9:23 a.m.
  • Length: 10:43
Show
View Real Time Build Order
Export as new Build Order

Blackdeath Terran 

Build Orders: MMM Bio 

Get SALT Encoding   

  12  0:01  SCV  
  13  0:13  SCV  
  14  0:17  Supply Depot  
  14  0:25  SCV  
  15  0:39  SCV  
  15  0:41  Barracks  
  16  0:45  Refinery  
  16  0:51  SCV  
  17  1:03  SCV  
  18  1:15  SCV  
  19  1:27  SCV  
  19  1:31  Reaper  
  21  1:39  SCV  
  22  1:40  Command Center  
  22  1:52  Orbital Command  
  22  2:11  Barracks Reactor  
  22  2:20  SCV, Supply Depot  
  23  2:28  Factory  
  23  2:42  SCV  
  24  2:48  Marine x2  
  26  2:54  SCV, Orbital Command  
  27  3:05  Marine  
  27  3:06  SCV, Marine  
  30  3:18  SCV  
  31  3:20  SCV  
  32  3:32  SCV  
  33  3:35  Hellion, Starport  
  33  3:36  Hellion  
  33  3:37  SCV  
  38  3:44  SCV  
  39  3:49  SCV  
  39  3:54  Barracks Tech Lab  
  40  3:56  SCV, Bunker  
  40  3:59  Hellion x2  
  40  4:01  SCV  
  46  4:11  Supply Depot  
  46  4:15  Stimpack  
  46  4:26  Supply Depot  
  46  4:29  Supply Depot  
  46  4:32  Viking, Supply Depot  
  46  4:33  Hellion x2, SCV x2  
  46  4:36  Supply Depot  
  54  4:47  SCV x2  
  54  4:48  Marauder  
  58  4:54  Supply Depot  
  58  4:55  Supply Depot  
  58  5:01  Widow Mine x2  
  61  5:19  Engineering Bay, Supply Depot  
  61  5:20  Engineering Bay  
  61  5:22  SCV x2  
  61  5:24  Refinery  
  61  5:25  Refinery  
  63  5:38  Command Center  
  63  5:39  SCV  
  63  5:40  SCV  
  65  5:43  Supply Depot x2  
  65  5:48  Terran Infantry Weapons Level 1  
  65  5:52  Refinery  
  65  5:55  SCV  
  66  6:03  Terran Infantry Armor Level 1  
  66  6:05  Starport Reactor  
  66  6:07  SCV  
  67  6:19  SCV x2  
  67  6:39  Factory Tech Lab  
  67  6:40  Marauder  
  67  6:45  Barracks, Medivac x2  
  67  6:46  SCV x2  
  75  6:49  Barracks  
  75  6:57  Combat Shields  
  75  6:58  Siege Tank  
  78  7:04  Barracks  
  78  7:09  SCV x2  
  78  7:10  Supply Depot  
  78  7:12  Armory  
  78  7:13  Supply Depot  
  78  7:15  Supply Depot  
  80  7:17  Orbital Command  
  80  7:21  SCV x2  
  82  7:26  Marauder  
  84  7:40  Marine x2  
  84  7:42  Starport Reactor  
  84  7:44  SCV x3  
  87  7:47  Marine  
  87  7:48  Marine  
  87  7:49  Siege Tank, Marine  
  95  7:52  Barracks Reactor  
  95  7:57  SCV x3  
  95  7:58  Marine x2  
  102  8:05  Marauder  
  102  8:06  Marine  
  102  8:09  SCV x2  
  93  8:25  Marine  
  93  8:26  Marine x3  
  97  8:27  Terran Infantry Weapons Level 2, Marauder, Terran Infantry Armor Level 2  
  97  8:29  Marine  
  98  8:34  Marine  
  98  8:35  Siege Tank  
  98  8:41  Supply Depot x2  
  102  8:43  Marine, Supply Depot  
  102  8:45  Supply Depot  
  103  9:03  Marine x5  
  103  9:04  Marine x2  
  103  9:07  Medivac x2  
  110  9:39  Marine x4  
  110  9:40  Marauder, Marine x2  
  114  9:57  Marine  
  103  10:01  Marauder  
  96  10:07  Marine x2  
  96  10:08  Marine x3  
  95  10:14  Marine  
  103  10:22  SCV x3  
  103  10:25  Marine  
Show
View Real Time Build Order
Export as new Build Order

Woogie Zerg - Winner!

Build Orders: Hatch First 

Get SALT Encoding   

  12  0:01  Drone  
  13  0:13  Overlord  
  13  0:17  Drone  
  14  0:31  Drone x2  
  14  0:34  Drone  
  17  0:54  Hatchery  
  17  0:55  Drone  
  17  1:11  Spawning Pool  
  17  1:12  Drone  
  17  1:15  Extractor  
  17  1:17  Drone  
  17  1:22  Drone  
  18  1:32  Drone  
  19  1:42  Overlord  
  19  2:00  Queen  
  21  2:01  Drone x2  
  21  2:06  Queen  
  21  2:07  Drone  
  26  2:12  Zergling x2  
  27  2:19  Drone  
  28  2:23  Metabolic Boost  
  28  2:28  Drone x2  
  30  2:37  Queen  
  32  2:49  Hatchery  
  31  2:51  Overlord  
  31  2:53  Drone  
  31  2:57  Drone  
  33  2:59  Drone  
  33  3:01  Drone  
  35  3:11  Drone x3  
  38  3:26  Evolution Chamber  
  37  3:29  Drone x4, Evolution Chamber  
  37  3:30  Baneling Nest  
  39  3:38  Overlord  
  39  3:41  Drone  
  40  3:56  Overlord  
  40  3:57  Drone x3  
  40  3:58  Drone x3  
  46  4:07  Overlord  
  46  4:14  Zerg Ground Armor Level 1, Zerg Melee Weapons Level 1  
  46  4:17  Extractor  
  46  4:18  Extractor  
  44  4:29  Zergling x8  
  44  4:30  Zergling x14  
  55  4:49  Lair  
  55  5:06  Overlord x3  
  55  5:08  Drone x2  
  55  5:09  Drone  
  58  5:17  Roach Warren  
  58  5:20  Drone  
  60  5:28  Pneumatized Carapace  
  60  5:30  Queen  
  60  5:32  Drone x5  
  60  5:33  Drone x4  
  60  5:34  Zergling x8  
  60  5:35  Zergling x6  
  76  5:57  Overlord  
  76  5:58  Overlord x2  
  76  5:59  Glial Reconstitution  
  76  6:04  Hydralisk Den  
  76  6:06  Hatchery  
  71  6:35  Centrifical Hooks  
  71  6:38  Drone x3  
  71  6:39  Drone x4  
  78  6:40  Drone x2, Zergling x2  
  78  6:41  Zergling x10  
  86  6:47  Zerg Melee Weapons Level 2  
  86  6:49  Grooved Spines  
  86  6:52  Zerg Missile Weapons Level 1  
  86  6:56  Baneling x4  
  86  6:57  Baneling x2  
  86  7:11  Hydralisk  
  86  7:12  Hydralisk x4  
  86  7:14  Drone  
  97  7:16  Extractor  
  97  7:17  Drone  
  97  7:18  Drone x2, Extractor  
  97  7:19  Overlord x2  
  97  7:20  Overlord  
  98  7:37  Hydralisk x3  
  98  7:38  Hydralisk  
  98  7:41  Drone x6  
  112  8:00  Hydralisk x2  
  112  8:01  Hydralisk x3  
  112  8:05  Overseer  
  102  8:21  Zergling x6  
  102  8:22  Zergling x20  
  102  8:26  Muscular Augments  
  114  8:29  Extractor  
  114  8:32  Zergling x2  
  114  8:33  Zergling x2  
  115  8:36  Drone  
  115  8:37  Drone  
  117  8:54  Overlord  
  117  8:55  Overlord x4  
  117  8:57  Zergling x18  
  117  9:02  Infestation Pit  
  121  9:18  Baneling x6  
  121  9:23  Baneling x6  
  121  9:24  Baneling x4  
  119  9:27  Hydralisk  
  119  9:28  Hydralisk x11  
  143  9:42  Queen x3  
  143  9:43  Queen  
  129  10:14  Zergling x2  
  129  10:15  Zergling x28  
Tags
 
Composition
MMM Bio
Matchup
TvZ
Spawn Locations
Cross Positions
Add a new tag
Caveats
  • Supply blocks, unpowered buildings, or Contaminate may cause inaccurate times.
  • Supply counts are checked every 10 seconds.